[Event "Titled Tuesday Blitz October 31 Late 2023"]
[White "Yanchenko, Roman"]
[Black "Andreikin, Dmitry"]
[WhiteFideId "4137329"]
[BlackFideId "4158814"]
[WhiteElo "2836"]
[BlackElo "3111"]
[Result "0-1"]
[Round "4"]
[TimeControl "180+1"]
[Date "2023.10.31"]
[WhiteClock "0:00:03"]
[BlackClock "0:00:54"]
[Board "3"]

1. d4 d5 2. c4 dxc4 3. Nc3 e5 4. e3 Nc6 5. Nf3 Bg4 6. d5 Nce7 7. Bxc4 Ng6 8. Qa4+ Bd7 9. Qb3 Bd6 10. e4 Rb8 11. Bb5 N8e7 12. Bxd7+ Qxd7 13. Be3 a6 14. a4 O-O 15. Nd2 f5 16. f3 fxe4 17. Ndxe4 Nf5 18. Bf2 Nd4 19. Qd1 c5 20. dxc6 bxc6 21. Rb1 Bc7 22. O-O Nf4 23. Bxd4 exd4 24. Ne2 d3 25. Nxf4 Bxf4 26. g3 Be3+ 27. Kg2 c5 28. Re1 Qd4 29. b3 Rbe8 30. Rf1 h5 31. Qe1 g5 32. Qa5 g4 33. Nd2 Bxd2 0-1


[Site "https://www.chess.com"]

[Event "Titled Tuesday Blitz October 31 Late 2023"]
[White "Kobo, Ori"]
[Black "Pranav, V"]
[WhiteFideId "2812320"]
[BlackFideId "25060783"]
[WhiteElo "2815"]
[BlackElo "3049"]
[Result "0-1"]
[Round "4"]
[TimeControl "180+1"]
[Date "2023.10.31"]
[WhiteClock "0:00:08"]
[BlackClock "0:01:27"]
[Board "4"]

1. d4 Nf6 2. Nf3 b6 3. e3 Bb7 4. Bd3 g6 5. c4 Bg7 6. Nc3 O-O 7. e4 d6 8. O-O Nbd7 9. h3 e5 10. d5 a5 11. b3 Nh5 12. g3 Bc8 13. Bc2 Nc5 14. Kg2 f5 15. Be3 Nf6 16. exf5 gxf5 17. Nh4 e4 18. Ne2 Nfd7 19. Nd4 Ne5 20. Qh5 Ned3 21. Nhxf5 Bxf5 22. Nxf5 Bxa1 23. Rxa1 Qf6 24. Qg4+ Kh8 25. Nd4 Nxf2 26. Qe2 Nfd3 27. Rg1 Rf7 28. Nc6 Qf3+ 29. Qxf3 exf3+ 30. Kh2 Re8 31. Bd4+ Kg8 32. Bd1 Re2+ 33. Bxe2 fxe2 34. Bc3 Ne4 35. Be1 Rf1 36. Ne7+ Kf7 37. Ng8 0-1


[Site "https://www.chess.com"]

[Event "Titled Tuesday Blitz October 31 Late 2023"]
[White "Bortnyk, Mykola"]
[Black "Horton, Andrew P"]
[WhiteFideId "14120836"]
[BlackFideId "424269"]
[WhiteElo "3008"]
[BlackElo "2768"]
[Result "1-0"]
[Round "4"]
[TimeControl "180+1"]
[Date "2023.10.31"]
[WhiteClock "0:00:37"]
[BlackClock "0:00:00"]
[Board "5"]

1. e4 e5 2. Nf3 Nc6 3. Bb5 d6 4. d4 exd4 5. Nxd4 Bd7 6. Bxc6 bxc6 7. Nc3 g6 8. O-O Bg7 9. Re1 Ne7 10. Bg5 h6 11. Bh4 O-O 12. f4 g5 13. fxg5 Ng6 14. gxh6 Qxh4 15. hxg7 Kxg7 16. Nf5+ Bxf5 17. exf5 Ne5 18. Re4 Qh6 19. Qd4 Rh8 20. f6+ Qxf6 21. Rf1 Qh6 22. h3 Rag8 23. Qxa7 Qd2 24. Re2 Qg5 25. Ne4 Qg6 26. Rf6 Qh5 27. Qf2 Rh6 28. Ng3 Qg5 29. Nf5+ Kxf6 30. Nxh6+ Ke7 31. Nxg8+ Qxg8 32. a4 c5 33. Rxe5+ dxe5 34. Qxc5+ Ke6 35. Qc4+ Kf6 36. Qh4+ 1-0


[Site "https://www.chess.com"]

[Event "Titled Tuesday Blitz October 31 Late 2023"]
[White "Elsa167"]
[Black "Bashirli, Nail"]
[BlackFideId "13406809"]
[WhiteElo "2971"]
[BlackElo "2768"]
[Result "1/2-1/2"]
[Round "4"]
[TimeControl "180+1"]
[Date "2023.10.31"]
[WhiteClock "0:00:11"]
[BlackClock "0:00:16"]
[Board "6"]

1. d4 Nf6 2. c4 e6 3. Nf3 Bb4+ 4. Bd2 Qe7 5. g3 O-O 6. Bg2 Bxd2+ 7. Qxd2 d6 8. Nc3 e5 9. O-O Re8 10. e3 Bg4 11. h3 Bxf3 12. Bxf3 c6 13. b4 Nbd7 14. b5 e4 15. Bg2 Nb6 16. bxc6 bxc6 17. Qe2 Qe6 18. c5 dxc5 19. dxc5 Nbd5 20. Nxd5 Nxd5 21. Qc4 Qe5 22. Rab1 h5 23. Rb7 a5 24. Rfb1 Re6 25. Rd7 Rb8 26. Rxb8+ Qxb8 27. Bxe4 Nf6 28. Bf5 Nxd7 29. Bxe6 Ne5 30. Qb3 Qf8 31. Bf5 g6 32. Be4 Qxc5 33. Kg2 Kg7 34. Qb2 f6 35. Kg1 Qb4 36. Qc2 c5 37. Qd1 c4 38. f4 Nf7 39. Qd7 Qe1+ 40. Kh2 Qxe3 41. Bd5 Qd2+ 42. Kg1 Qe1+ 43. Kg2 Qe2+ 44. Kg1 Qe1+ 45. Kh2 Qf2+ 46. Kh1 Qf1+ 47. Kh2 Qe2+ 48. Kh1 Qf1+ 49. Kh2 Qf2+ 50. Kh1 Qe1+ 51. Kh2 Qd2+ 52. Kh1 Qe1+ 53. Kh2 1/2-1/2


[Site "https://www.chess.com"]

[Event "Titled Tuesday Blitz October 31 Late 2023"]
[White "Hong, Andrew"]
[Black "Krzyzanowski, Marcin"]
[WhiteFideId "2099438"]
[BlackFideId "1132199"]
[WhiteElo "2963"]
[BlackElo "2761"]
[Result "1/2-1/2"]
[Round "4"]
[TimeControl "180+1"]
[Date "2023.10.31"]
[WhiteClock "0:00:52"]
[BlackClock "0:00:04"]
[Board "7"]

1. e4 c5 2. Nf3 d6 3. d4 cxd4 4. Nxd4 Nf6 5. Nc3 a6 6. Be3 e5 7. Nb3 Be6 8. h3 Be7 9. f4 b5 10. f5 Bd7 11. g4 Bc6 12. Bg2 h6 13. h4 b4 14. Nd5 Nxd5 15. exd5 Bb7 16. Qd2 Bxh4+ 17. Kf1 a5 18. g5 Ba6+ 19. Kg1 hxg5 20. Bxg5 Qb6+ 21. Be3 Qc7 22. Qd1 Nd7 23. Nd2 O-O-O 24. a3 Bg5 25. Qe1 Rxh1+ 26. Bxh1 Bxe3+ 27. Qxe3 bxa3 28. Rxa3 Nc5 29. Nb3 a4 30. Nxc5 dxc5 31. Rc3 Kd7 32. Be4 Qb6 33. Qh3 Qf6 34. Rxc5 Qg5+ 35. Bg2 Qc1+ 36. Kh2 Qf4+ 37. Kh1 Qc1+ 38. Kh2 Qf4+ 39. Kh1 Qc1+ 40. Kh2 1/2-1/2


[Site "https://www.chess.com"]

[Event "Titled Tuesday Blitz October 31 Late 2023"]
[White "Szpar, Milosz"]
[Black "Bok, Benjamin"]
[WhiteFideId "1184989"]
[BlackFideId "1017063"]
[WhiteElo "2758"]
[BlackElo "2960"]
[Result "1/2-1/2"]
[Round "4"]
[TimeControl "180+1"]
[Date "2023.10.31"]
[WhiteClock "0:00:10"]
[BlackClock "0:00:04"]
[Board "8"]

1. Nf3 d5 2. e3 Nf6 3. c4 c6 4. Nc3 e6 5. b3 Bd6 6. Bb2 O-O 7. Be2 Nbd7 8. Rg1 e5 9. cxd5 cxd5 10. Nb5 Bb8 11. Ba3 e4 12. Nfd4 Bxh2 13. Rh1 Be5 14. Rc1 a6 15. Bxf8 Nxf8 16. Nc3 Bxd4 17. exd4 Ne6 18. d3 Nxd4 19. dxe4 dxe4 20. Qd2 Be6 21. Rd1 Nc6 22. Qxd8+ Nxd8 23. f3 exf3 24. Bxf3 Nc6 25. Kf2 Ng4+ 26. Kg3 Nge5 27. Bd5 Bxd5 28. Rxd5 f6 29. Rhd1 Kf7 30. Ne4 Kg6 31. Nc5 b6 32. Ne6 Re8 33. Nf4+ Kf7 34. Rd6 b5 35. Rc1 Ne7 36. Rc7 Kg8 37. Rxa6 Nf5+ 38. Kh3 h6 39. Nh5 Rd8 40. Nf4 Rd4 41. g3 Rd2 42. Raa7 Rb2 43. Nh5 Re2 44. Nxg7 Ne3 45. Rc8+ Kh7 46. Nf5+ Kg6 47. Nxe3 Rxe3 48. Rg8+ Kf5 49. a4 bxa4 50. bxa4 h5 51. a5 Ng4 52. Rag7 Re2 53. Rxg4 hxg4+ 54. Rxg4 Ra2 55. Rh4 Kg5 56. Rg4+ Kh5 57. Rh4+ Kg6 58. Rg4+ Kf7 59. Rb4 Rxa5 60. Rh4 Kg6 61. Rf4 Ra1 62. Kg2 Ra2+ 63. Kh3 Ra3 64. Rg4+ Kf7 65. Re4 Rb3 66. Rc4 Kg6 67. Ra4 f5 68. Ra6+ Kg5 69. Ra4 Rc3 70. Rf4 Rc1 71. Ra4 Rh1+ 72. Kg2 Rc1 73. Rf4 Rb1 74. Rf2 Rb3 75. Rf4 Rc3 76. Rf2 Rc4 77. Rf3 Kg4 78. Rf2 Rd4 79. Kh2 Re4 80. Kg2 Ra4 81. Kh2 Rd4 82. Kg2 Rc4 83. Kh2 Rc3 84. Rf4+ Kg5 85. Kg2 Rc2+ 86. Rf2 Rc1 87. Rf4 Rd1 88. Rf2 Rd4 89. Kh2 Kg4 90. Kg2 Rb4 91. Kh2 Rb3 92. Rf4+ Kg5 93. Kg2 Rb2+ 94. Rf2 Rb1 95. Rf4 Rb3 96. Rf2 Rb4 97. Kh2 Rd4 98. Kg2 Kg4 99. Kh2 Rc4 100. Kg2 Ra4 101. Kh2 Rd4 1/2-1/2


[Site "https://www.chess.com"]

[Event "Titled Tuesday Blitz October 31 Late 2023"]
[White "Chigaev, Maksim"]
[Black "Darini, Pouria"]
[WhiteFideId "4108116"]
[BlackFideId "12502200"]
[WhiteElo "2943"]
[BlackElo "2755"]
[Result "1-0"]
[Round "4"]
[TimeControl "180+1"]
[Date "2023.10.31"]
[WhiteClock "0:00:14"]
[BlackClock "0:00:01"]
[Board "9"]

1. e4 c6 2. Nf3 d5 3. d3 g6 4. e5 Bg7 5. d4 f6 6. exf6 exf6 7. Bd3 Ne7 8. O-O O-O 9. Re1 Bf5 10. b3 Bxd3 11. Qxd3 Nf5 12. Ba3 Re8 13. Nbd2 Na6 14. h4 Qa5 15. Bb2 Nc7 16. h5 Ne6 17. g3 Qb5 18. c4 dxc4 19. bxc4 Qa6 20. a4 Rad8 21. a5 Kf7 22. Nb3 Nd6 23. Rac1 b6 24. Nh4 f5 25. hxg6+ hxg6 26. d5 Bxb2 27. dxe6+ Kg7 28. e7 Rd7 29. Re6 Bxc1 30. Rxg6+ Kf7 31. Nxf5 Nxc4 32. Qxd7 Ne5 33. Qe6# 1-0


[Site "https://www.chess.com"]

[Event "Titled Tuesday Blitz October 31 Late 2023"]
[White "Schmakel, Sam"]
[Black "Sjugirov, Sanan"]
[WhiteFideId "2039311"]
[BlackFideId "4189302"]
[WhiteElo "2754"]
[BlackElo "2943"]
[Result "0-1"]
[Round "4"]
[TimeControl "180+1"]
[Date "2023.10.31"]
[WhiteClock "0:00:00"]
[BlackClock "0:00:06"]
[Board "10"]

1. e4 c6 2. Nf3 d5 3. d3 dxe4 4. dxe4 Qxd1+ 5. Kxd1 Nd7 6. Ne1 e5 7. Nd3 f6 8. Nd2 Nc5 9. a4 Be6 10. Ke1 O-O-O 11. Nxc5 Bxc5 12. Bc4 Bxc4 13. Nxc4 Ne7 14. f3 Ng6 15. Ke2 Kc7 16. c3 a6 17. b4 Ba7 18. g3 Rd7 19. Be3 Bxe3 20. Nxe3 Nf8 21. Rhd1 Rxd1 22. Rxd1 Ne6 23. a5 h5 24. Nf5 Re8 25. Ke3 g6 26. Nh4 Rg8 27. Ng2 c5 28. f4 cxb4 29. cxb4 Nd4 30. Nh4 Nc2+ 31. Kf3 Nxb4 32. Rc1+ Nc6 33. f5 g5 34. Ng6 Kb8 35. Rc5 Rd8 36. Ke3 Rd1 37. Nf8 Kc7 38. Nh7 Rd6 39. h4 gxh4 40. gxh4 Kd7 41. Nf8+ Ke7 42. Ne6 Rd1 43. Ng7 Rh1 44. Nxh5 Rxh4 45. Ng7 Rh3+ 46. Kd2 Ra3 47. Ne6 Rxa5 48. Rc1 Ra2+ 49. Ke3 Ra3+ 50. Kd2 Ra4 51. Ke3 Ra3+ 52. Kd2 a5 53. Rb1 Nb4 54. Rh1 Ra2+ 55. Kc3 Rc2+ 56. Kb3 Re2 57. Rh7+ Kd6 58. Rxb7 Rxe4 59. Rf7 Nd5 60. Ng7 Re3+ 61. Ka4 e4 62. Kxa5 Ra3+ 63. Kb5 e3 64. Ne8+ Ke5 65. Nxf6 Nxf6 66. Re7+ Kxf5 67. Kc5 Kf4 68. Kd4 Ra4+ 69. Kd3 Nd5 70. Rf7+ Ke5 71. Rf8 Ra3+ 72. Ke2 Ra2+ 73. Ke1 Kd4 74. Re8 Kd3 0-1


[Site "https://www.chess.com"]

[Event "Titled Tuesday Blitz October 31 Late 2023"]
[White "Bauman_Guy"]
[Black "DopplerCharlotteDeWitte"]
[WhiteElo "2924"]
[BlackElo "2743"]
[Result "1/2-1/2"]
[Round "4"]
[TimeControl "180+1"]
[Date "2023.10.31"]
[WhiteClock "0:00:10"]
[BlackClock "0:00:02"]
[Board "11"]

1. e4 c5 2. Nf3 e6 3. d4 cxd4 4. Nxd4 Nf6 5. Nc3 Nc6 6. Ndb5 d6 7. Bf4 e5 8. Bg5 a6 9. Na3 b5 10. Bxf6 gxf6 11. Nd5 Bg7 12. g3 f5 13. Bg2 fxe4 14. Bxe4 O-O 15. Ne3 d5 16. Bxd5 Bb7 17. c3 Qg5 18. h4 Qf6 19. Qf3 Qxf3 20. Bxf3 b4 21. Nb1 f5 22. O-O e4 23. Bg2 Rad8 24. a3 b3 25. a4 Ne5 26. Ra3 f4 27. gxf4 Rxf4 28. Rxb3 Bc6 29. Rb6 Rxh4 30. Na3 Bxa4 31. Rxa6 Bd7 32. Rd1 Rf8 33. Rad6 Bh3 34. Rd8 Nf3+ 35. Bxf3 exf3 36. Nac4 Bh6 37. R1d4 Rxd4 38. Rxd4 Bg5 39. Kh2 Be6 40. Kg3 h5 41. Ne5 h4+ 42. Rxh4 Bxh4+ 43. Kxh4 Kg7 44. Kg3 Kf6 45. Nxf3 Rb8 46. b4 Rc8 47. Nd2 Ke5 48. c4 Kd4 49. Kf3 Kc3 50. Ne4+ Kxb4 51. Kf4 Bxc4 52. Nxc4 Rxc4 53. Ke5 Rc1 54. f4 Rf1 55. f5 Rxf5+ 56. Kxf5 1/2-1/2


[Site "https://www.chess.com"]

[Event "Titled Tuesday Blitz October 31 Late 2023"]
[White "Ibarra Jerez, Jose Carlos"]
[Black "Djokic, Mihailo"]
[WhiteFideId "2226332"]
[BlackFideId "976440"]
[WhiteElo "2917"]
[BlackElo "2738"]
[Result "1-0"]
[Round "4"]
[TimeControl "180+1"]
[Date "2023.10.31"]
[WhiteClock "0:00:04"]
[BlackClock "0:00:00"]
[Board "12"]

1. e4 c5 2. Nf3 d6 3. c3 Nf6 4. h3 Nc6 5. Bd3 d5 6. e5 c4 7. Bc2 Nd7 8. e6 fxe6 9. Ng5 Nf6 10. Bxh7 Ne5 11. Bc2 d4 12. O-O d3 13. Ba4+ Nc6 14. b3 Qd5 15. Nf3 Bd7 16. bxc4 Qxc4 17. Na3 Qf4 18. Re1 e5 19. Bxc6 Bxc6 20. Nxe5 Ne4 21. Nxd3 Qf5 22. Qg4 Qxg4 23. hxg4 O-O-O 24. Ne5 Nxd2 25. Nxc6 bxc6 26. Bxd2 Rxd2 27. Nc4 Rd5 28. Ne5 Rh6 29. Re2 Kc7 30. Rae1 e6 31. Nf3 Kd7 32. c4 Rc5 33. Rd1+ Kc7 34. Ne5 Bd6 35. Nf7 Bh2+ 36. Kf1 Rh4 37. g3 Bxg3 38. Kg2 Bf4 39. Nd8 Re5 40. Nxe6+ Rxe6 41. Rxe6 Rxg4+ 42. Kf3 Rh4 43. Re7+ Kb6 44. Rxg7 Be5 45. Rg4 Rh3+ 46. Ke2 Ra3 47. Rd2 Bc3 48. Rc2 Kc5 49. Rg3 Kb4 50. f4 Kxc4 51. f5 c5 52. f6 Kd4 53. Rgxc3 Rxc3 54. Rxc3 1-0


[Site "https://www.chess.com"]

[Event "Titled Tuesday Blitz October 31 Late 2023"]
[White "Krallis, Christos"]
[Black "Kravtsiv, Martyn"]
[WhiteFideId "4298896"]
[BlackFideId "14113147"]
[WhiteElo "2731"]
[BlackElo "2893"]
[Result "1-0"]
[Round "4"]
[TimeControl "180+1"]
[Date "2023.10.31"]
[WhiteClock "0:00:08"]
[BlackClock "0:00:00"]
[Board "13"]

1. Nf3 d5 2. d4 Nf6 3. c4 e6 4. e3 Be7 5. Nc3 O-O 6. Be2 b6 7. cxd5 exd5 8. O-O c5 9. b3 Nc6 10. Bb2 Be6 11. Rc1 Rc8 12. Ba6 Rc7 13. Ne5 Nxe5 14. dxe5 Ng4 15. Nb5 Rd7 16. h3 Nh6 17. Qh5 f5 18. exf6 Bxf6 19. Bxf6 Qxf6 20. Nc3 Nf7 21. Bb5 Rdd8 22. f4 d4 23. Ne4 Qe7 24. exd4 Rxd4 25. Rce1 Qb7 26. Ng5 Nxg5 27. fxg5 Bf7 28. Qe2 Rdd8 29. Qe7 Qxe7 30. Rxe7 Bd5 31. Rxf8+ Rxf8 32. Rxa7 Rf5 33. Bc4 Rxg5 34. Bxd5+ Rxd5 35. Rb7 Rd6 36. a4 h5 37. h4 Kh7 38. Kh2 Kg6 39. Rc7 Kf6 40. a5 bxa5 41. Rxc5 Rb6 42. Rxh5 Rxb3 43. Rxa5 Kg6 44. g3 Kh6 45. Kh3 g6 46. Ra4 Rb5 47. Kg4 Rb6 48. Kf4 Rf6+ 49. Kg4 Rb6 50. Rf4 Rc6 51. Rf8 Rc4+ 52. Kh3 Rc3 53. Kg2 Rc2+ 54. Rf2 Rc4 55. Ra2 Rb4 56. Ra3 Rc4 57. Kf3 Rb4 58. g4 Rb7 59. Kg3 Kg7 60. Ra4 Kf6 61. Kf4 Rb6 62. Rd4 Ra6 63. Rb4 Rc6 64. g5+ Kg7 65. Ke5 Rc7 66. Kd6 Rf7 67. Rc4 Kg8 68. Rc8+ Kg7 69. Rc7 Rxc7 70. Kxc7 1-0


[Site "https://www.chess.com"]

[Event "Titled Tuesday Blitz October 31 Late 2023"]
[White "Kazakouski, Valery"]
[Black "ArtemDyachuk"]
[WhiteFideId "13507443"]
[WhiteElo "2883"]
[BlackElo "2642"]
[Result "1-0"]
[Round "4"]
[TimeControl "180+1"]
[Date "2023.10.31"]
[WhiteClock "0:00:12"]
[BlackClock "0:00:13"]
[Board "14"]

1. Nf3 d5 2. c4 c6 3. g3 Nf6 4. Bg2 Bf5 5. Qb3 Qc8 6. d3 h6 7. O-O e6 8. cxd5 exd5 9. Nc3 Nbd7 10. e4 dxe4 11. dxe4 Be6 12. Qc2 Nc5 13. Nd4 Bh3 14. e5 Bxg2 15. Kxg2 Nfd7 16. e6 Nxe6 17. Nxe6 fxe6 18. Qg6+ Ke7 19. Re1 Nf6 20. Bf4 Qd7 21. Rad1 Nd5 22. Nxd5+ cxd5 23. Re5 Re8 24. Rdxd5 Qxd5+ 25. Rxd5 exd5 26. Qd6+ Kf7 27. Qxd5+ Re6 28. Qxb7+ Be7 29. Qxa7 Rc8 30. b4 Rc2 31. a4 Kg8 32. Qa8+ Kh7 33. Qd5 Ree2 34. Qd3+ Kg8 35. Be3 Bg5 36. Bb6 Red2 37. Qb3+ Kh8 38. a5 Ra2 39. b5 Rdb2 40. Qd5 Bf6 41. a6 Ra4 42. a7 Rba2 43. Be3 Bg5 44. Bxg5 hxg5 45. b6 g4 46. Qd8+ Kh7 47. Qd3+ g6 48. Qd7+ Kh6 49. Qc7 Re4 50. b7 Ree2 51. Qc1+ g5 52. Qf1 Kh5 53. b8=Q Re6 54. Qh8+ Rh6 55. Qxh6+ Kxh6 56. Qd1 Kh5 57. Qd4 Ra6 58. Qc5 Rc6 59. Qb5 Ra6 60. Qe8+ Kh6 61. a8=Q Rf6 62. Qh8+ Kg6 63. Qxf6+ Kxf6 64. Qh8+ Kg6 65. h3 Kf7 66. hxg4 Kg6 67. Qh5+ Kf6 68. Qh6+ Kf7 69. Qxg5 Ke6 70. Qf5+ Kd6 71. g5 Ke7 72. Qf6+ Kd7 73. Kf3 Ke8 74. Qg7 Kd8 75. Qf7 Kc8 76. Qe7 Kb8 77. Qd7 Ka8 78. Ke4 Kb8 79. Kd5 Ka8 80. Kc6 Kb8 81. Qb7# 1-0


[Site "https://www.chess.com"]

[Event "Titled Tuesday Blitz October 31 Late 2023"]
[White "balachess2006"]
[Black "Aravindh, Chithambaram VR."]
[BlackFideId "5072786"]
[WhiteElo "2594"]
[BlackElo "2879"]
[Result "0-1"]
[Round "4"]
[TimeControl "180+1"]
[Date "2023.10.31"]
[WhiteClock "0:00:04"]
[BlackClock "0:00:09"]
[Board "15"]

1. Nf3 Nf6 2. c4 g6 3. d4 Bg7 4. g3 O-O 5. Bg2 d5 6. cxd5 Nxd5 7. O-O Nb6 8. Nc3 Nc6 9. e3 Re8 10. b3 e5 11. dxe5 Nxe5 12. Nxe5 Bxe5 13. Bb2 c6 14. Qe2 h5 15. h3 Bf5 16. Rfd1 Qc8 17. Qf1 a5 18. Rd2 a4 19. Nxa4 Nxa4 20. Bxe5 Rxe5 21. bxa4 Rxa4 22. Kh2 Qc7 23. Qd1 Ra8 24. h4 Rea5 25. Bh3 Bxh3 26. Kxh3 Qc8+ 27. Kg2 Qe6 28. Rd8+ Kh7 29. Rxa8 Rxa8 30. a4 c5 31. Qc2 c4 32. Rc1 Qc6+ 33. Kh2 Rxa4 34. Rd1 Ra8 35. Qc3 b5 36. Qb4 Qf3 37. Rf1 Qb7 38. Rb1 Ra2 39. Kg1 Qf3 40. Rf1 Qf5 41. Qc3 Rc2 42. Qb4 c3 43. e4 Qf3 44. Qxb5 Rd2 45. Qb4 Re2 46. e5 c2 47. e6 c1=Q 48. Qd4 0-1


[Site "https://www.chess.com"]

[Event "Titled Tuesday Blitz October 31 Late 2023"]
[White "Tanaka, Taira Tyler"]
[Black "Mahdavi, Reza"]
[WhiteFideId "7002351"]
[BlackFideId "12595926"]
[WhiteElo "2669"]
[BlackElo "2932"]
[Result "0-1"]
[Round "4"]
[TimeControl "180+1"]
[Date "2023.10.31"]
[WhiteClock "0:00:13"]
[BlackClock "0:00:39"]
[Board "16"]

1. d4 Nf6 2. Nc3 e6 3. Bf4 c5 4. d5 Qb6 5. Rb1 d6 6. e4 exd5 7. exd5 Be7 8. Nf3 O-O 9. Bd3 Bg4 10. h3 Bxf3 11. Qxf3 Re8 12. O-O Nbd7 13. Rfe1 Bf8 14. Ne4 Nxe4 15. Bxe4 Nf6 16. Bd3 Rxe1+ 17. Rxe1 Qxb2 18. Bg5 Re8 19. Rxe8 Nxe8 20. Qe4 Qa1+ 21. Kh2 Qe5+ 22. Qxe5 dxe5 23. Bd8 g6 24. Bb5 Nd6 25. Bd7 f5 26. Bf6 Bg7 27. Be7 Bf8 28. Bf6 Nf7 29. Be6 Bd6 30. g3 Kf8 31. Kg2 e4 32. g4 f4 33. Kf1 Be5 34. Bxf7 Bxf6 35. Be6 Bd4 36. Bc8 b6 37. Bb7 Ke7 38. d6+ Kxd6 39. Bxe4 c4 40. f3 Kc5 41. Ke2 Kb4 42. Bd5 b5 43. Bc6 a5 44. Kd2 Be3+ 45. Kd1 Ka3 46. Bxb5 Kxa2 47. Bxc4+ Kb2 48. Bb5 Kc3 49. Ba4 Kb4 50. Be8 a4 51. c3+ Kb3 52. c4 a3 53. c5 Bxc5 54. Kc1 a2 55. Bf7+ Ka3 56. Bxa2 Kxa2 57. Kc2 g5 58. Kd3 Bf2 59. Ke4 Bh4 60. Kf5 Kb2 61. Kf6 Kc2 62. Kg7 Kd2 63. Kh6 Ke2 64. Kh5 Kxf3 65. Kh6 Kg3 66. Kh5 f3 67. Kh6 f2 68. Kg7 f1=Q 69. Kh6 Qf6+ 70. Kxh7 Kxh3 71. Kg8 Qe7 72. Kh8 Kxg4 73. Kg8 Kf5 74. Kh8 Kf6 75. Kg8 Qg7# 0-1


[Site "https://www.chess.com"]

[Event "Titled Tuesday Blitz October 31 Late 2023"]
[White "Rastbod, Ali"]
[Black "Cordova, Emilio"]
[WhiteFideId "12567477"]
[BlackFideId "3801497"]
[WhiteElo "2747"]
[BlackElo "2930"]
[Result "1-0"]
[Round "4"]
[TimeControl "180+1"]
[Date "2023.10.31"]
[WhiteClock "0:00:06"]
[BlackClock "0:01:21"]
[Board "17"]

1. Nf3 b6 2. e4 Bb7 3. Nc3 e6 4. d4 Bb4 5. Bd3 Nf6 6. Nd2 c5 7. a3 cxd4 8. axb4 dxc3 9. bxc3 O-O 10. e5 Ne8 11. Ne4 f5 12. exf6 Nxf6 13. Bg5 Nc6 14. f4 Qe8 15. Nd6 Qb8 16. O-O Ne7 17. c4 Qc7 18. Nxb7 Qxb7 19. Qe2 a5 20. Rab1 Qc7 21. Qe5 Qa7 22. Ra1 Nc6 23. Qe2 Nxb4 24. Bxf6 Rxf6 25. Be4 Rc8 26. c3 Na6 27. f5 Rxc4 28. Qxc4 b5+ 29. Qd4 Qxd4+ 30. cxd4 a4 31. fxe6 dxe6 32. Rxf6 gxf6 33. Bc6 Nc7 34. Rb1 a3 35. Kf2 Kf7 36. Rb3 Ke7 37. Rxa3 Kd6 38. Be4 f5 39. Bf3 b4 40. Rb3 Na6 41. Be2 Nc7 42. Rxb4 Nd5 43. Ra4 Nc3 44. Ra6+ Kd5 45. Bf3+ Kxd4 46. Rxe6 f4 47. Re7 Kd3 48. Rd7+ Kc4 49. Rxh7 1-0


[Site "https://www.chess.com"]

[Event "Titled Tuesday Blitz October 31 Late 2023"]
[White "Grigoriants, Sergey"]
[Black "Gedajlovic, Max"]
[WhiteFideId "4130804"]
[BlackFideId "2616840"]
[WhiteElo "2895"]
[BlackElo "2736"]
[Result "1/2-1/2"]
[Round "4"]
[TimeControl "180+1"]
[Date "2023.10.31"]
[WhiteClock "0:01:02"]
[BlackClock "0:00:23"]
[Board "18"]

1. d4 Nf6 2. c4 e6 3. Nc3 Bb4 4. e3 O-O 5. Bd3 d5 6. Ne2 c5 7. cxd5 cxd4 8. exd4 Nxd5 9. Qc2 h6 10. O-O Nc6 11. a3 Bd6 12. Rd1 Bd7 13. Ng3 Rc8 14. Qe2 Qh4 15. Be4 Nce7 16. Bd2 Bc6 17. Bf3 Nxc3 18. bxc3 Bxf3 19. Qxf3 Nd5 20. h3 Bxg3 21. fxg3 Qf6 22. Qd3 Qf5 23. Qb5 Nxc3 24. Qxf5 exf5 25. Bxc3 Rxc3 26. Kh2 Rd8 27. Rd2 Rd5 28. a4 Rc4 29. Rb2 b6 30. a5 bxa5 31. Rb8+ Kh7 32. Rb7 a6 33. Rxf7 Rcxd4 34. Ra7 Rd2 35. Rxa6 Rb2 36. R6xa5 Rdd2 37. Rg1 Kg6 38. Raa1 Kg5 39. Rad1 Re2 40. Rde1 Red2 41. Rd1 Re2 42. Rde1 Red2 43. Rd1 1/2-1/2


[Site "https://www.chess.com"]

[Event "Titled Tuesday Blitz October 31 Late 2023"]
[White "Rustemov, Alexander"]
[Black "Wu, Derek"]
[WhiteFideId "4119002"]
[BlackFideId "30914558"]
[WhiteElo "2872"]
[BlackElo "2680"]
[Result "0-1"]
[Round "4"]
[TimeControl "180+1"]
[Date "2023.10.31"]
[WhiteClock "0:00:00"]
[BlackClock "0:00:14"]
[Board "19"]

1. d4 g6 2. c4 Bg7 3. g3 Nf6 4. Bg2 c5 5. Nf3 cxd4 6. Nxd4 O-O 7. O-O d5 8. cxd5 Nxd5 9. Nc3 Nxc3 10. bxc3 Nc6 11. Be3 Ne5 12. Qb3 Ng4 13. Bg5 h6 14. Bc1 e5 15. Nb5 Be6 16. c4 Rc8 17. Na3 b6 18. Bb2 Qc7 19. Rac1 Rfd8 20. h3 Nf6 21. Qa4 Qd7 22. Qa6 Bxh3 23. Nb5 Bxg2 24. Kxg2 Rxc4 25. Rxc4 Qd5+ 26. Kg1 Qxc4 27. Bxe5 Qxe2 28. Bxf6 Bxf6 29. Qa4 Rd2 30. a3 Be5 31. Kg2 a5 32. Na7 Kg7 33. Nc6 Bd6 34. Na7 Bc5 35. Qf4 Rd4 36. Qc7 Qe4+ 37. Kg1 Rd2 38. Nc6 Rxf2 39. Rxf2 Qe1+ 40. Kg2 Qxf2+ 41. Kh3 Qf1+ 42. Kh2 Bg1+ 43. Kh1 Bc5+ 44. Kh2 Qe2+ 45. Kh1 Qf3+ 46. Kh2 h5 47. Nd8 Qe2+ 48. Kh3 Qe7 49. Qc8 Bxa3 50. Kg2 Qe4+ 51. Kh2 Qf5 52. Qa8 Qf2+ 53. Kh3 Bc5 54. Nc6 Qf1+ 55. Kh2 Bg1+ 56. Kh1 Bf2+ 57. Kh2 Qg1+ 0-1


[Site "https://www.chess.com"]

[Event "Titled Tuesday Blitz October 31 Late 2023"]
[White "Manukyan, Sargis A."]
[Black "Lobanov, Sergei"]
[WhiteFideId "13303970"]
[BlackFideId "24183750"]
[WhiteElo "2626"]
[BlackElo "2824"]
[Result "1-0"]
[Round "4"]
[TimeControl "180+1"]
[Date "2023.10.31"]
[WhiteClock "0:01:28"]
[BlackClock "0:00:12"]
[Board "20"]

1. d4 Nf6 2. c4 e6 3. Nc3 Bb4 4. e3 O-O 5. a3 Bxc3+ 6. bxc3 c5 7. Bd3 Nc6 8. Ne2 b6 9. O-O Ba6 10. e4 Ne8 11. f4 Na5 12. f5 Bxc4 13. f6 gxf6 14. Bh6 Ng7 15. Bxc4 Nxc4 16. Qd3 f5 17. exf5 Nb2 18. Qg3 Qf6 19. Bg5 Nxf5 20. Bxf6+ Nxg3 21. Nxg3 h6 22. Rf3 Rfe8 23. Nh5 Kh7 24. Be5 1-0


[Site "https://www.chess.com"]

[Event "Titled Tuesday Blitz October 31 Late 2023"]
[White "Eljanov, Pavel"]
[Black "Hajiyev, Kanan"]
[WhiteFideId "14102951"]
[BlackFideId "13404148"]
[WhiteElo "2819"]
[BlackElo "2571"]
[Result "1-0"]
[Round "4"]
[TimeControl "180+1"]
[Date "2023.10.31"]
[WhiteClock "0:01:13"]
[BlackClock "0:00:00"]
[Board "21"]

1. d4 d5 2. Bf4 c6 3. e3 Nf6 4. c4 a6 5. Nf3 Bg4 6. Qb3 Bxf3 7. Qxb7 Nbd7 8. gxf3 e6 9. Qxc6 Bb4+ 10. Nc3 O-O 11. Qa4 Bxc3+ 12. bxc3 Nb6 13. Qa5 Nxc4 14. Qxd8 Rfxd8 15. Bxc4 dxc4 16. Kd2 Nd5 17. Bg3 f5 18. Be5 Rd7 19. Rab1 Raa7 20. e4 Ne7 21. Rb6 Rdb7 22. Rhb1 Rxb6 23. Rxb6 Kf7 24. a4 a5 25. Ke3 g5 26. Rb5 Nc6 27. Bd6 Rd7 28. e5 f4+ 29. Ke4 Kg6 30. Rc5 Nd8 31. Rxa5 Nb7 32. Ra6 h5 33. Bb4 Kf7 34. a5 Ke8 35. Ra8+ Kf7 36. a6 Nd8 37. a7 Nc6 38. Rf8+ Kg7 39. a8=Q Ra7 40. Rg8+ Kh7 41. Rh8+ 1-0


[Site "https://www.chess.com"]

[Event "Titled Tuesday Blitz October 31 Late 2023"]
[White "Toropov, Pavel"]
[Black "Sokolovsky, Yahli"]
[WhiteFideId "24129178"]
[BlackFideId "2820242"]
[WhiteElo "2567"]
[BlackElo "2792"]
[Result "0-1"]
[Round "4"]
[TimeControl "180+1"]
[Date "2023.10.31"]
[WhiteClock "0:00:00"]
[BlackClock "0:00:45"]
[Board "22"]

1. e4 d6 2. d4 g6 3. Nc3 Bg7 4. h3 a6 5. g4 b5 6. Bg2 Bb7 7. Nge2 h5 8. g5 e6 9. Be3 Ne7 10. Qd2 Nd7 11. h4 c5 12. f4 Rc8 13. d5 exd5 14. exd5 Nb6 15. Bf2 b4 16. Ne4 Nexd5 17. c3 O-O 18. cxb4 Nc4 19. Qc2 Nce3 20. Bxe3 Nxe3 21. Qd3 Nxg2+ 22. Kf2 c4 23. Qf3 Re8 24. N2g3 Ne3 25. Qxe3 d5 26. Rad1 Qc7 27. Nf6+ Bxf6 28. Qf3 Bxb2 29. f5 d4 0-1


[Site "https://www.chess.com"]